 Dungeon Crawl Stone Soup version 0.30-a0-40-gc6d0f036a7 (webtiles) character file.

Game seed: 980360541661810222

6 flotson the Sneak (level 1, -3/18 HPs)
             Began as a Demonspawn Delver on Aug 29, 2022.
             Was an Initiate of Yredelemnul.
             Killed from afar by an orc wizard (5 damage)
             ... with a magic dart
             ... on level 4 of the Dungeon.
             The game lasted 00:00:57 (413 turns).

flotson the Sneak (Demonspawn Delver)                Turns: 413, Time: 00:00:58

Health: -3/18      AC:  3    Str: 12    XL:     1   Next: 75%
Magic:  1/1        EV: 11    Int: 11    God:    Yredelemnul [......]
Gold:   0          SH:  0    Dex: 14    Spells: 0/0 levels left

rFire   . . .      SeeInvis .    a - +0 hand axe
rCold   . . .      Faith    .    (no shield)
rNeg    . . .      Spirit   .    b - +0 leather armour
rPois   .          Reflect  .    (no helmet)
rElec   .          Harm     .    (no cloak)
rCorr   .          Rampage  .    (no gloves)
Will    .....                    (no boots)
Stlth   ++........               (no amulet)
HPRegen 0.06/turn                (no ring)
MPRegen 0.07/turn                (no ring)

@: no status effects
A: no striking features
a: Renounce Religion, Recall Undead Harvest


You were on level 4 of the Dungeon.
You worshipped Yredelemnul.
Yredelemnul was noncommittal.
You visited 2 branches of the dungeon, and saw 3 of its levels.

Inventory:

Hand Weapons
 a - a +0 hand axe (weapon)
Armour
 b - a +0 leather armour (worn)
Wands
 g - a wand of digging (3)
Scrolls
 c - a scroll of fog
Potions
 f - a potion of haste
 h - a potion of might {unknown}


   Skills:
 + Level 3.0 Fighting
 + Level 1.9 Axes
 + Level 0.2 Armour
 + Level 1.8 Dodging
 - Level 4.5 Stealth
 + Level 0.4 Invocations
 + Level 0.3 Evocations


You couldn't memorise any spells.
You didn't know any spells.
Your spell library was empty.

Dungeon Overview and Level Annotations

Branches:
Dungeon (5/15)             Temple (1/1) D:5

Altars:
Dithmenos
Makhleb
Nemelex Xobeh
Okawaru
Sif Muna
Trog
Uskayaw
Yredelemnul


Message History

The orc is almost dead.
The orc wizard mumbles some strange words.
The orc wizard flickers and vanishes!
Deactivating autopickup; reactivate with Ctrl-A.
The orc hits you with a +0 short sword.
You closely miss the orc.
The orc is almost dead.
You barely miss something.
You hear some strange, mumbled words.
You are confused.
The orc hits you but does no damage.
You are too confused!
Unknown command.
You bump into the rock wall.
Something hits you.
You convulse.
The orc closely misses you. The orc attacks as you move away!
The orc barely misses you.
You hear some strange, mumbled words.
A puff of flame appears from out of thin air!
The puff of flame misses you.
There is a stone staircase leading up here.
In your confused state, you trip and fall back down the stairs.
Unknown command.
Something completely misses you.
You climb upwards.
Reactivating autopickup.
You feel less confused.
There is a stone staircase leading down here.
Deactivating autopickup; reactivate with Ctrl-A.
You completely miss something. Something hits you but does no damage.
You miss something.
You hear some strange, mumbled words.
A puff of flame appears from out of thin air!
The puff of flame hits you!
* * * LOW HITPOINT WARNING * * *
You hit something.
You hear some strange, mumbled words.
A magic dart appears from out of thin air!
The magic dart hits you.
You die...
Your body rises from the dead as a mindless zombie.

..
.##
...
..#
#.#
#.#
#.#
#@#
#{#
#.#
#.#
...
#..
...
####


There were no monsters in sight!

Vanquished Creatures
  3 orcs (D:5)
3 creatures vanquished.

Vanquished Creatures (others)
  2 orc zombies (D:5)
2 creatures vanquished.

Grand Total: 5 creatures vanquished

Notes
Turn   | Place    | Note
-------+----------+-------------------------------------------
     0 | D:5      | flotson the Demonspawn Delver began the quest for the Orb.
     0 | D:5      | Reached XP level 1. HP: 18/18 MP: 1/1
    14 | D:5      | Found a staircase to the Ecumenical Temple.
    21 | Temple   | Entered the Ecumenical Temple
   165 | Temple   | Became a worshipper of Yredelemnul the Dark
   203 | D:5      | Noticed an orc wizard
   203 | D:5      | Noticed an iguana
   413 | D:4      | Killed from afar by an orc wizard

Illustrated notes

Levels and vault maps discovered:
D:4:      layout_basic, mainiacjoe_overflow_boulevard
D:5:      layout_loops_ring, fedhas_ov_isle_minmay,
          mainiacjoe_overflow_tiny_flanked,
          nicolae_hepliaklqana_monster_ancestors,
          minmay_temple_entry_purple_smoke, grunt_ministairs_3
Temple:   hellmonk_temple_forest_ring

Action                   || total
-------------------------++-------
Melee: Hand axe          ||    18
  Use: Scroll            ||     2
Armor: Leather armour    ||     4
Dodge: Dodged            ||    10

Table legend: (Time is in decaauts)
 A = Elapsed time spent in this place.
 B = Non-inter-level travel time spent in this place.
 C = Inter-level travel time spent in this place.
 D = Time resting spent in this place.
 E = Time spent auto-exploring this place.
 F = Levels seen in this place.
 G = Mean time per level.
                   A        B        C        D        E       F      G
               +--------+--------+--------+--------+--------+-----+--------+
         Total |    417 |    408 |      9 |    160 |    141 |   3 |  139.0 |
       Dungeon |    264 |    263 |      1 |    160 |     19 |   2 |  132.0 |
        Temple |    152 |    144 |      8 |      0 |    122 |   1 |  152.0 |
               +--------+--------+--------+--------+--------+-----+--------+

Top non-repeatable levels by time:
     D:4: 165 daAuts
  Temple: 152 daAuts
     D:5: 99 daAuts
